 Dungeon Crawl Stone Soup version 0.28.0-43-g3370ac3207 (webtiles) character file.

Game seed: 11560877882043358861

66838 pkoi the Thaumaturge (level 14, -23/75 HPs)
             Began as a Spriggan Air Elementalist on Mar 22, 2022.
             Was the Champion of Dithmenos.
             Blown up by an orb spider (88 damage)
             ... with an orb of destruction
             ... led by a torpor snail
             ... on level 1 of the Spider Nest.
             The game lasted 00:50:11 (38910 turns).

pkoi the Thaumaturge (Spriggan Air Elementalist)   Turns: 38910, Time: 00:50:12

Health: -23/75     AC:  8    Str:  4    XL:     14   Next: 80%
Magic:  27/32      EV: 17    Int: 41    God:    Dithmenos [******]
Gold:   968        SH:  0    Dex: 16    Spells: 19/40 levels left

rFire   . . .      SeeInvis +   j - +7 flail "Keppe" {vorpal, rC+ Int+9 Stlth+}
rCold   + . .      Faith    .   (no shield)
rNeg    . . .      Spirit   .   k - +2 robe of Seijosisk {Harm Int+5 Slay+3}
rPois   +          Reflect  .   s - +2 hat {SInv}
rElec   .          Harm     +   l - +1 cloak
rCorr   .          Rampage  .   (gloves unavailable)
Will    ++...                   (boots unavailable) Stlth *+++++++++
                                T - amulet of the acrobat
HPRegen 0.22/turn               x - ring of poison resistance
MPRegen 0.23/turn               K - +6 ring of intelligence

@: slowed, wreathed by umbra, studying Crossbows, quick
A: very small, no large weapons, unfitting armour, see invisible, speed 3
a: Renounce Religion, Shadow Step, Shadow Form


You were on level 1 of the Spider Nest.
You worshipped Dithmenos.
Dithmenos was exalted by your worship.
You visited 4 branches of the dungeon, and saw 23 of its levels.
You also visited: Ice Cave.

You collected 1436 gold pieces.
You spent 468 gold pieces at shops.

Inventory:

Hand Weapons
 g - a +1 vorpal dagger
 j - the +7 flail "Keppe" (weapon) {vorpal, rC+ Int+9 Stlth+}
   (You found it on level 4 of the Dungeon)

   It inflicts extra damage upon your enemies.
   Int:       It affects your intelligence (+9).
   rC:        It protects you from cold.
   Stlth:     It makes you more stealthy.
 m - the +11 hand axe of Imbalance {flame, rPois rF+ Int+2 SInv}
   (You found it on level 4 of the Dungeon)

   It burns those it strikes, dealing additional fire damage.
   Big, fiery blades are also staple armaments of hydra-hunters.
   Int:       It affects your intelligence (+2).
   rF:        It protects you from fire.
   rPois:     It protects you from poison.
   SInv:      It lets you see invisible.
Missiles
 B - a throwing net
Armour
 k - the +2 robe of Seijosisk (worn) {Harm Int+5 Slay+3}
   (You found it on level 3 of the Dungeon)

   Int:       It affects your intelligence (+5).
   Slay:      It affects your accuracy & damage with ranged weapons and melee
   (+3).
   Harm:      It increases damage dealt and taken.
 l - a +1 cloak (worn)
 s - a +2 hat of see invisible (worn)
Jewellery
 x - a ring of poison resistance (left hand)
 E - a ring of resist corrosion
 H - a ring of willpower
 I - a ring of protection from cold
 K - a +6 ring of intelligence (right hand)
 T - an amulet of the acrobat (around neck)
Wands
 c - a wand of iceblast (25)
 n - a wand of mindburst (22)
 o - a wand of flame (58)
 u - a wand of paralysis (16)
 z - a wand of acid (9)
 L - a wand of polymorph (3)
 P - a wand of charming (5)
 Q - a wand of digging (1)
Scrolls
 b - 3 scrolls of enchant weapon
 p - a scroll of amnesia
 r - 3 scrolls of fog
 t - 2 scrolls of holy word
 v - 8 scrolls of teleportation
 y - 7 scrolls of enchant armour
 A - 4 scrolls of magic mapping
 C - 7 scrolls of summoning
 F - 2 scrolls of brand weapon
 J - a scroll of silence
 M - 3 scrolls of identify
 O - a scroll of fear
Potions
 a - 5 potions of berserk rage
 d - 4 potions of invisibility
 e - 2 potions of flight
 f - 8 potions of curing
 h - a potion of heal wounds
 i - a potion of might {unknown}
 q - 5 potions of brilliance
 w - 2 potions of ambrosia
 D - 2 potions of magic
 G - a potion of cancellation
 N - a potion of haste


   Skills:
 + Level 9.2 Fighting
 - Level 2.6 Dodging
 - Level 12.0 Stealth
 + Level 13.6 Spellcasting
 - Level 0.6 Conjurations
 + Level 6.7 Translocations
 + Level 7.1 Transmutations
 - Level 13.0 Air Magic
 + Level 7.9 Poison Magic
 + Level 8.5 Invocations
 - Level 9.0 Evocations


You had 19 spell levels left.
You knew the following spells:

 Your Spells              Type           Power      Damage    Failure   Level
a - Shock                 Conj/Air       100%       1d9       1%          1
b - Airstrike             Air            47%        N/A       1%          4
c - Poisonous Vapours     Pois/Air       100%       N/A       1%          2
d - Olgreb's Toxic Radia  Pois           75%        N/A       1%          4
e - Alistair's Intoxicat  Tmut/Pois      49%        N/A       1%          5
f - Passage of Golubria   Tloc           70%        N/A       1%          4
g - Apportation           Tloc           100%       N/A       1%          1

Your spell library contained the following spells:

 Spells                   Type           Power      Damage    Failure   Level
 Swiftness                Air            94%        N/A       0%          3
 Foxfire                  Conj/Fire      100%       2x1d9     1%          1
 Ensorcelled Hibernation  Hex/Ice        54%        N/A       1%          2
 Static Discharge         Conj/Air       71%        N/A       1%          2
 Mephitic Cloud           Conj/Pois/Air  72%        N/A       1%          3
 Spider Form              Tmut/Pois      74%        N/A       1%          3
 Conjure Flame            Conj/Fire      30%        6-21      3%          3
 Inner Flame              Hex/Fire       27%        N/A       3%          3
 Summon Guardian Golem    Hex/Summ       27%        N/A       3%          3
 Tukima's Dance           Hex            27%        N/A       3%          3
 Yara's Violent Unravell  Hex/Tmut       27%        3d12      8%          5
 Flame Wave               Conj/Fire      30%        2d8       10%         4
 Anguish                  Hex/Necr       13%        N/A       12%         4
 Orb of Destruction       Conj           16%        9d7       100%        7
 Spellforged Servitor     Conj/Summ      15%        N/A       100%        7


Dungeon Overview and Level Annotations

Branches:
Dungeon (15/15)            Temple (1/1) D:4            Lair (6/6) D:11
  Swamp (0/4) Lair:2       Spider (1/4) Lair:4        Slime (0/5) Lair:5
    Orc (0/2) D:12         Vaults (0/5) D:13          IceCv (visited)
 Depths: D:15

Altars:
Ashenzari
Cheibriados
Dithmenos
Elyvilon
Fedhas
Gozag
Hepliaklqana
Kikubaaqudgha
Makhleb
Nemelex Xobeh
Okawaru
Qazlal
Ru
Sif Muna
Trog
Uskayaw
Vehumet
Wu Jian
Xom
Yredelemnul
Zin
The Shining One
Jiyva

Shops:
D:7 *   D:9 :*   D:13 *

Annotations:
D:4 2 transporters
D:6 3 runed translucent doors, WaxSun's ghost, novice FoCK
D:7 2 transporters, exclusion: downstairs, BIGUP's ghost, novice TrMo
Lair:6 2 runed translucent doors


Innate Abilities, Weirdness & Mutations

You are very small and have problems with some larger weapons.
You are too small for most types of armour.
You have supernaturally acute eyesight. (SInv)
You cover ground extremely quickly. (Speed+++)


Message History

You climb downwards.
Welcome to the Spider Nest!
This branch contains the gossamer rune of Zot.
There is a crawl-hole back to the Lair here.
Memorise Foxfire, consuming 1 spell level and leaving 19?
Okay, then.
Okay, then.
Memorise Apportation, consuming 1 spell level and leaving 19?
You start memorising the spell.
You continue memorising.
You finish memorising.
Spell assigned to 'g'.
Casting: Olgreb's Toxic Radiance (safe; 1% risk of failure)
Confirm with . or Enter, or press ? or * to list all spells.
Okay, then.
Unknown command.
Casting: Olgreb's Toxic Radiance (safe; 1% risk of failure)
Confirm with . or Enter, or press ? or * to list all spells.
Okay, then.
Unknown command.
Unknown command.
Okay, then.
Unknown command.
A torpor snail comes into view.
Found a scroll of immolation.
Being near the torpor snail leaves you feeling lethargic.
A torpor snail is nearby!
The air twists around and strikes the torpor snail.
The torpor snail is lightly wounded.
The air twists around and strikes the torpor snail!
The torpor snail is moderately wounded.
You hear an angry hiss.
An orb spider comes into view.
The torpor snail bites you!
You are too injured to fight recklessly!
A redback comes into view.
The orb spider pulsates with a strange energy.
The orb spider weaves a glowing orb of energy.
An orb of destruction comes into view.
There is a crawl-hole back to the Lair here.
The orb of destruction hits you!!!!
Ouch! That really hurt!
You die...

#####.^...# ..#
#........## ...
#.........###..# #
##..........#...# ##.
#...........#....
#.#..###......s○....##..
#........○○°○.......# s
#.###..○○...........#
##@....w........#
#.............##
#..............##
##...........#.#
#.........#####..
..###^####... ... ..#
#.. ##... ...# .. ..#
#.. s##


You could see a torpor snail and an orb spider.

Vanquished Creatures
  Gastronok (D:8)
  Snorg (Lair:6)
  10 hydras
  A vault guard (D:13)
  5 centaur warriors
  A catoblepas (D:14)
  A tengu warrior (D:14)
  3 two-headed ogres
  3 death yaks (Lair:3)
  A lindwurm (Lair:6)
  A necromancer (D:13)
  2 wizards
  3 deep elf pyromancers
  6 ugly things
  A manticore (D:14)
  2 cyclopes
  10 elephants
  2 centaur zombies (D:11)
  11 black mambas
  A torpor snail (Lair:3)
  2 molten gargoyles (Lair:6)
  A gargoyle (D:13)
  A cane toad (shapeshifter) (D:15)
  6 cane toads
  4 rime drakes
  Maggie (Lair:2)
  An unseen horror (D:13)
  11 komodo dragons
  An efreet (D:14)
  A polar bear (shapeshifter) (D:14)
  4 trolls
  2 polar bears
  Grinder (D:3)
  10 slime creatures
  A hornet (D:5)
  8 blink frogs
  2 spriggans (Lair:5)
  Sigmund (D:4)
  A yak (shapeshifter) (D:14)
  5 wyverns
  19 humans (D:13)
  36 yaks
  9 vampire mosquitoes
  7 steam dragons
  9 basilisks
  Menkaure (D:7)
  An acid dragon (D:10)
  4 hell hounds (Lair:6)
  18 water moccasins
  Duvessa (D:4)
  5 black bears
  2 ice beasts
  8 orc warriors
  A sky beast (D:7)
  23 wolves
  15 centaurs
  An ogre (D:5)
  4 boggarts (D:14)
  3 necrophages
  2 kobold brigands
  Blork the orc (D:4)
  13 bullfrogs
  A wyvern zombie (D:6)
  2 water moccasin zombies
  2 gnoll sergeants (D:9)
  2 water moccasin skeletons (D:4)
  Dowan (D:4)
  8 killer bees
  7 wights
  A howler monkey (D:5)
  An electric eel (Lair:6)
  6 lava snakes (Lair:6)
  8 orc priests
  Crazy Yiuf (D:3)
  4 hounds
  2 jellies
  An iron imp (D:6)
  5 iguanas
  10 orc wizards
  9 hell rats (Lair:4)
  A howler monkey zombie (D:4)
  Robin (D:3)
  6 gnolls (D:9)
  2 howler monkey skeletons (D:7)
  4 adders
  14 white imps
  An adder zombie (D:5)
  An adder skeleton (D:4)
  4 worms
  2 dart slugs
  43 orcs
  5 ball pythons
  9 bats
  8 endoplasms
  6 giant cockroaches
  22 goblins
  7 hobgoblins
  12 kobolds
  5 quokkas
  5 frilled lizards
  8 rats
550 creatures vanquished.

Vanquished Creatures (others)
  An endoplasm (D:1)
  A kobold (D:1)
  23 fungi
  39 plants
64 creatures vanquished.

Grand Total: 614 creatures vanquished

Notes
Turn   | Place    | Note
-------+----------+-------------------------------------------
     0 | D:1      | pkoi the Spriggan Air Elementalist began the quest for the
                  | Orb.
     0 | D:1      | Reached XP level 1. HP: 9/9 MP: 5/5
   246 | D:1      | Reached XP level 2. HP: 14/14 MP: 0/6
   924 | D:1      | Reached skill level 1 in Fighting
  1354 | D:1      | Reached XP level 3. HP: 18/18 MP: 4/8
  2972 | D:2      | Reached XP level 4. HP: 22/22 MP: 1/9
  3285 | D:3      | Found a sacrificial altar of Ru.
  3301 | D:3      | Noticed Grinder
  3546 | D:3      | Noticed Robin
  4247 | D:3      | Reached skill level 5 in Stealth
  4578 | D:3      | Reached XP level 5. HP: 26/26 MP: 1/10
  4782 | D:3      | Killed Robin
  4800 | D:2      | Learned a level 4 spell: Airstrike
  4989 | D:3      | Identified the +2 robe of Seijosisk {Harm Int+5 Slay+3}
  5810 | D:4      | Noticed Sigmund
  5811 | D:4      | Identified the +11 hand axe of Imbalance {flame, rPois rF+
                  | Int+2 SInv}
  5826 | D:4      | Killed Sigmund
  5827 | D:4      | Reached XP level 6. HP: 13/32 MP: 1/11
  6032 | D:4      | Noticed Duvessa
  6035 | D:4      | Noticed Dowan
  6043 | D:4      | Killed Duvessa
  6044 | D:4      | Reached skill level 5 in Air Magic
  6044 | D:4      | Found a staircase to the Ecumenical Temple.
  6054 | Temple   | Entered the Ecumenical Temple
  6172 | Temple   | Became a worshipper of Dithmenos the Shadowed
  6195 | D:4      | Killed Dowan
  6365 | D:4      | Reached XP level 7. HP: 36/36 MP: 6/12
  6612 | D:4      | Found a transporter.
  6672 | D:4      | You fall into a shaft and drop 3 floors!
  6688 | D:5      | Entered Level 5 of the Dungeon
  7213 | D:4      | Noticed Blork the orc
  7248 | D:4      | Killed Blork the orc
  7705 | D:4      | Found a bloodstained altar of Trog.
  7750 | D:4      | Found a transporter.
  8140 | D:4      | Reached XP level 8. HP: 40/40 MP: 10/15
  8166 | D:4      | Reached * piety under Dithmenos
  8273 | D:4      | Found an opulent altar of Gozag.
  8450 | D:4      | Identified the +7 flail "Keppe" {vorpal, rC+ Int+9 Stlth+}
  8768 | D:5      | Reached skill level 5 in Spellcasting
  8965 | D:5      | Noticed a hornet
  8979 | D:5      | Killed a hornet
  9770 | D:5      | Identified the +3 hunting sling of Abuse {vorpal, rElec
                  | Int+4}
 10571 | D:6      | Found a runed translucent gate.
 10571 | D:6      | Found a runed translucent gate.
 10571 | D:6      | Found an opulent altar of Gozag.
 10572 | D:6      | Found a runed translucent gate.
 10575 | D:6      | Noticed WaxSun's ghost (novice FoCK)
 11103 | D:6      | Reached XP level 9. HP: 44/44 MP: 15/20
 11289 | D:6      | Found a snail-covered altar of Cheibriados.
 11424 | D:7      | Found Wucyr's Serpentskin Sales.
 11431 | D:7      | Reached skill level 1 in Invocations
 11679 | D:7      | Reached ** piety under Dithmenos
 12114 | D:7      | Found a transporter.
 12134 | D:7      | Noticed BIGUP's ghost (novice TrMo)
 12141 | D:7      | Found a transporter.
 12248 | D:7      | Noticed a moth of wrath
 12440 | D:7      | Noticed Menkaure
 12442 | D:7      | Killed Menkaure
 13105 | D:3      | Killed Grinder
 13182 | D:3      | Found a runed translucent door.
 13183 | D:3      | Noticed Crazy Yiuf
 13188 | D:3      | Killed Crazy Yiuf
 14081 | D:8      | Found a white marble altar of Elyvilon.
 14714 | D:8      | Reached XP level 10. HP: 49/49 MP: 17/22
 15313 | D:8      | Reached skill level 10 in Air Magic
 15781 | D:8      | Found a basalt altar of Yredelemnul.
 15781 | D:8      | Found a stormy altar of Qazlal.
 15781 | D:8      | Noticed Gastronok
 16334 | D:8      | Killed Gastronok
 16906 | D:9      | Found Rycs's Wicked Wares.
 17003 | D:9      | Reached *** piety under Dithmenos
 17004 | D:9      | Reached skill level 1 in Evocations
 17480 | D:9      | Found Zem Ageakae's Book Boutique.
 17560 | D:9      | Found an iron altar of Okawaru.
 18230 | D:10     | Entered Level 10 of the Dungeon
 18317 | D:10     | Found a burning altar of Makhleb.
 18350 | D:10     | Noticed a two-headed ogre
 18365 | D:10     | Killed a two-headed ogre
 18366 | D:10     | Reached skill level 5 in Fighting
 19146 | D:10     | Reached XP level 11. HP: 56/56 MP: 13/25
 20122 | D:11     | Found a staircase to the Lair.
 20290 | D:11     | Found a frozen archway.
 20306 | IceCv    | Entered an ice cave
 20306 | IceCv    | Noticed a white ugly thing
 20306 | IceCv    | Found the +4 skin of Zhor {*Englaciate rC+++ SInv}
 20847 | D:11     | Noticed a two-headed ogre
 20853 | D:11     | Killed a two-headed ogre
 21766 | D:12     | Noticed a cyan ugly thing
 21772 | D:12     | Killed a cyan ugly thing
 22180 | D:12     | Reached **** piety under Dithmenos
 22295 | D:12     | Noticed a boulder beetle
 22487 | D:7      | Bought the Incunabulum of Contamination for 468 gold pieces
 22490 | D:7      | Learned a level 2 spell: Poisonous Vapours
 22840 | D:12     | Noticed a two-headed ogre
 22848 | D:12     | Killed a two-headed ogre
 22849 | D:12     | Reached skill level 10 in Spellcasting
 22955 | D:12     | Noticed a wizard
 22957 | D:12     | Killed a wizard
 23103 | D:12     | Learned a level 4 spell: Olgreb's Toxic Radiance
 23466 | D:12     | Found a staircase to the Orcish Mines.
 24024 | D:12     | Reached skill level 1 in Poison Magic
 24515 | D:12     | Noticed a seven-headed hydra
 24525 | D:12     | Killed a seven-headed hydra
 24629 | Lair:1   | Entered Level 1 of the Lair of Beasts
 25154 | Lair:1   | Reached XP level 12. HP: 61/62 MP: 19/27
 25303 | Lair:1   | Noticed a four-headed hydra
 25306 | Lair:1   | Killed a four-headed hydra
 26159 | Lair:2   | Noticed Maggie
 26162 | Lair:2   | Killed Maggie
 26162 | Lair:2   | Reached ***** piety under Dithmenos
 27225 | Lair:2   | Found a staircase to the Swamp.
 27841 | Lair:3   | Reached skill level 5 in Invocations
 27954 | Lair:3   | Noticed a death yak
 27956 | Lair:3   | Noticed a death yak
 27958 | Lair:3   | Noticed a death yak
 27965 | Lair:3   | Killed a death yak
 28008 | Lair:3   | Killed a death yak
 28009 | Lair:3   | Reached skill level 5 in Evocations
 28251 | Lair:3   | Killed a death yak
 28546 | Lair:3   | Reached skill level 5 in Poison Magic
 28908 | Lair:3   | Noticed a six-headed hydra
 28947 | Lair:3   | Reached XP level 13. HP: 65/68 MP: 9/29
 29117 | Lair:3   | Identified the +2 chain mail "Ilur" {Rampage rF+ rN+}
 29383 | Lair:4   | Found a hole to the Spider Nest.
 29548 | Lair:4   | Learned a level 5 spell: Alistair's Intoxication
 29566 | Lair:4   | Reached skill level 1 in Transmutations
 30496 | Lair:5   | Reached skill level 10 in Stealth
 31325 | Lair:5   | Found a viscous altar of Jiyva.
 31325 | Lair:5   | Found a staircase to the Slime Pits.
 31624 | Lair:6   | Entered Level 6 of the Lair of Beasts
 31646 | Lair:6   | Reached ****** piety under Dithmenos
 31870 | Lair:6   | Learned a level 4 spell: Passage of Golubria
 32018 | Lair:6   | Noticed Snorg
 32035 | Lair:6   | Killed Snorg
 32048 | Lair:6   | Reached skill level 1 in Translocations
 32447 | Lair:6   | Found a large runed translucent door.
 32791 | Lair:6   | Reached XP level 14. HP: 74/74 MP: 23/31
 32812 | Lair:6   | Found a large runed translucent door.
 33867 | D:13     | Reached skill level 5 in Transmutations
 34256 | D:13     | Found a gate to the Vaults.
 35326 | D:13     | Reached skill level 5 in Translocations
 36159 | D:13     | Found Qohon's Pet Rocks.
 38007 | D:15     | Entered Level 15 of the Dungeon
 38242 | D:15     | Found a broken altar of Ashenzari.
 38876 | Spider:1 | Entered Level 1 of the Spider Nest
 38879 | Spider:1 | Learned a level 1 spell: Apportation
 38910 | Spider:1 | Blown up by an orb spider

Illustrated notes

Levels and vault maps discovered:
D:1:      roderic_dead_forest, layout_loops_ring, lemuel_flame_loot_1
D:2:      layout_rooms, serial_bayou_ford_a
D:3:      layout_basic, mainiacjoe_overflow_alcove_1, minmay_vboxes,
          uniq_crazy_yiuf_cottage, uniq_grinder, uniq_robin
D:4:      layout_layer_cave, gammafunk_temple_overflow_arena,
          overflow_temple_1_default, minmay_temple_entry_statues_pillars,
          uniq_sigmund, uniq_duvessa, uniq_blork_the_orc
D:5:      layout_loops_ring, chequers_serial_rivers_small_a
D:6:      layout_basic, slow_altar_2, ebering_ghost_gozag
D:7:      layout_basic, gammafunk_ghost_berserking_beasts, guppyfry_shop_venom,
          uniq_menkaure
D:8:      layout_gridville, kennysheep_little_box,
          amethyst_overflow_temple_binary, uniq_gastronok
D:9:      layout_roguey, kennysheep_okawaru_gauntlet, serial_shops,
          shop_fountains, kennysheep_nondescript, nicolae_evil_shop
D:10:     layout_roguey, lightli_temple_of_fire
D:11:     layout_roguey, lair_entry_dummy, portal_ice_cave_entry_imps
D:12:     layout_stronghold, hiddenorc2_lemuel
D:13:     layout_roguey, grunt_vaults_entry_tiered, guppyfry_shop_earth
D:14:     layout_rooms, minmay_misc_feat_cross
D:15:     grunt_enter_depths_magical_seal, layout_layer_cave,
          cheibrodos_ashenzari_chains, minmay_diced_spiral
Temple:   cyrus_circular_temple
Lair:1:   layout_regular_city, grunt_megastairs_4
Lair:2:   layout_gridlike, swamp_mist, uniq_maggie
Lair:3:   nzn_winding_woodlands_cross [nzn_winding_woodlands_5x15_parted,
          nzn_winding_woodlands_5x15_eye, nzn_winding_woodlands_5x15_zeroes,
          nzn_winding_woodlands_5x15_jagged,
          nzn_winding_woodlands_15x15_killbox], layout_regular_city
Lair:4:   layout_hall_layers, dummy_spider_entry, infiniplex_staircase_pool_2
Lair:5:   wad_woods_tower, layout_layer_cave, dpeg_slime_entry_enclosed_altar,
          serial_bayou_shore_b
Lair:6:   cheibrodos_lair_end_hotspot, layout_gridlike,
          minmay_stone_trees_small, uniq_snorg
Spider:1: layout_chambers, uniq_louise, uniq_roxanne, uniq_rupert

Skill      XL: |  1  2  3  4  5  6  7  8  9 10 11 12 13 14 |
---------------+-------------------------------------------+-----
Air Magic      | 3 4 5 6 8 9 11 12 13 | 13.0
Fighting       | 1 2 3 4 5 6 7 8 9 |  9.2
Stealth        | 4 5 6 8 9 11 12 | 12.0
Spellcasting   | 4 6 7 9 10 11 12 13 | 13.6
Invocations    | 3 4 6 7 8 |  8.5
Evocations     | 3 4 6 8 9 |  9.0
Poison Magic   | 2 5 6 7 |  7.9
Transmutations | 4 7 |  7.1
Translocations | 3 6 |  6.7
Dodging        | |  2.6
Conjurations   | |  0.6

Action                   |  1- 3 |  4- 6 |  7- 9 | 10-12 | 13-15 || total
-------------------------+-------+-------+-------+-------+-------++-------
Melee: Unarmed           |     7 |       |       |       |       ||     7
       Short sword       |     4 |    13 |       |       |       ||    17
       Hand axe          |       |     1 |     7 |       |       ||     8
       Flail             |       |       |     5 |     6 |     2 ||    13
 Cast: Shock             |   131 |   121 |    82 |    15 |     3 ||   352
       Airstrike         |       |       |   102 |   307 |   331 ||   740
       Olgreb's Toxic Ra |       |       |       |    12 |    33 ||    45
       Poisonous Vapours |       |       |       |     2 |       ||     2
Evoke: Wand              |       |       |       |     3 |       ||     3
  Use: Scroll            |       |       |    16 |     8 |     2 ||    26
       Potion            |       |       |     2 |       |       ||     2
 Stab: Sleeping          |       |       |     2 |       |       ||     2
Armor: Robe              |     5 |     3 |     1 |     6 |     5 ||    20
Dodge: Dodged            |    30 |    15 |    14 |    53 |    37 ||   149
